 Dungeon Sprint DCSS version 0.27.1-33-g824d729ab1 (webtiles) character file.

Game seed: 12890646933930837347

9863 Hipnos the Imperceptible (level 11, -1/42 HPs)
             Began as a Spriggan Enchanter on Nov 25, 2021.
             Was the Champion of Dithmenos.
             Killed from afar by a deep elf annihilator (11 damage)
             ... with a poison arrow
             ... in the Dungeon (Sprint I: "Red Sonja").
             The game lasted 00:20:20 (3092 turns).

Hipnos the Imperceptible (Spriggan Enchanter)       Turns: 3092, Time: 00:20:21

Health: -1/42      AC: 17    Str:  7    XL:     11   Next: 28%
Magic:  18/35      EV: 23    Int: 15    God:    Dithmenos [******]
Gold:   446        SH:  0    Dex: 21    Spells: 14/31 levels left

rFire    . . .     SeeInvis +   a - +1 dagger
rCold    . . .     Faith    .   (shield restricted)
rNeg     . . .     Spirit   .   t - +7 swamp dragon scales of Henotheism {rPois MP+9 Dex+5}
rPois    +         Reflect  .   l - +1 hat
rElec    .         Harm     .   p - +1 cloak
rCorr    .         Rampage  .   (gloves unavailable)
Will     +....     NoTele   +   (boots unavailable) Stlth ******++++
                                (no amulet)
HPRegen  0.14/turn              (no ring)
MPRegen  0.24/turn              (no ring)

@: lethally poisoned (-1 -> -8), confusing by touch, flayed, wreathed by umbra,
very quick
A: very small, no large weapons, unfitting armour, see invisible, speed 3, dopey
1, frail 2, mutation resistance 1
a: Renounce Religion, Shadow Step, Shadow Form


You were in the Dungeon.
You worshipped Dithmenos.
Dithmenos was exalted by your worship.
You visited 1 branch You collected 1923 gold pieces.
You spent 1477 gold pieces at shops.

Inventory:

Hand Weapons
 a - a +1 dagger (weapon)
Armour
 b - a +0 robe
 i - a +2 robe of willpower
 l - a +1 hat (worn)
 p - a +1 cloak (worn)
 t - the +7 swamp dragon scales of Henotheism (worn) {rPois MP+9 Dex+5}
   (You bought it in a shop in the Dungeon)

   Dex:       It affects your dexterity (+5).
   rPois:     It protects you from poison.
   MP:        It affects your magic capacity (+9).
Wands
 g - a wand of digging (5)
 o - a wand of iceblast (5)
Scrolls
 h - a scroll of blinking
 j - a scroll of identify {unknown}
 q - a scroll of brand weapon {unknown}
 r - 3 scrolls of fog {unknown}
Potions
 c - 3 potions of curing
 d - a potion of heal wounds
 f - 4 potions of magic
 k - a potion of brilliance {unknown}
 m - a potion of berserk rage
 n - a potion of lignification {unknown}
Miscellaneous
 s - a phantom mirror


   Skills:
 * Level 4.2 Fighting
 * Level 10.4(10.9) Short Blades
 - Level 4.0(6.5) Long Blades
 + Level 1.8 Armour
 * Level 13.2 Dodging
 * Level 24.2 Stealth
 + Level 10.7 Spellcasting
 * Level 13.4 Hexes
 + Level 0.6 Transmutations
 + Level 4.5 Ice Magic
 + Level 0.3 Earth Magic


You had 14 spell levels left.
You knew the following spells:

 Your Spells              Type           Power      Damage    Failure   Level
a - Corona                Hex            53%        N/A       1%          1
b - Ensorcelled Hibernat  Hex/Ice        68%        N/A       1%          2
c - Swiftness             Air            8%         N/A       65%         3
d - Invisibility          Hex            24%        N/A       19%         6
e - Passwall              Tmut/Erth      7%         N/A       36%         2
f - Confusing Touch       Hex            48%        N/A       1%          3

Your spell library contained the following spells:

 Spells                   Type           Power      Damage    Failure   Level
 Tukima's Dance           Hex            48%        N/A       1%          3
 Dazzling Flash           Conj/Hex       56%        N/A       6%          3


Dungeon Overview and Level Annotations

Branches:
Dungeon (1/1)

Altars:
Cheibriados
Dithmenos
Elyvilon
Fedhas
Gozag
Hepliaklqana
Kikubaaqudgha
Makhleb
Nemelex Xobeh
Okawaru
Qazlal
Ru
Sif Muna
Trog
Uskayaw
Vehumet
Wu Jian
Xom
Yredelemnul
Zin
The Shining One
Jiyva
Lugonu

Shops:
D [*([[?*:[*?[(([[:

Annotations:
D exclusion: oklob plant


Innate Abilities, Weirdness & Mutations

You are very small and have problems with some larger weapons.
You are too small for most types of armour.
You have supernaturally acute eyesight. (SInv)
You cover ground extremely quickly. (Speed+++)
You are dopey. (Int -2)
You are very frail. (-20% HP)
You are somewhat resistant to further mutation.


Message History

The hornet buzzes angrily.
The deep elf annihilator hits you but does no damage.
The hornet buzzes angrily.
You hit the deep elf annihilator but do no damage.
The deep elf annihilator is heavily wounded.
Your shadow hits the deep elf annihilator with a dagger.
A hornet comes into view.
The mummy priest utters an invocation to its god.
The deep elf annihilator casts a spell at you.
The poison arrow hits you!
You are poisoned.
You partially resist.
* * * LOW HITPOINT WARNING * * *
You feel better.
The deep elf annihilator points at you and mumbles some strange words.
The crystal spear misses you.
The hornet buzzes angrily.
You hit the deep elf annihilator but do no damage.
The deep elf annihilator is heavily wounded.
The bat skeleton closely misses you.
You hit the deep elf annihilator but do no damage.
The deep elf annihilator is heavily wounded.
The bat skeleton misses you.
The deep elf annihilator hits you with a +0 long sword.
* * * LOW HITPOINT WARNING * * *
You hit the deep elf annihilator but do no damage.
The deep elf annihilator is heavily wounded.
Your shadow hits the deep elf annihilator with a dagger.
The bat skeleton completely misses you.
You closely miss the deep elf annihilator.
The deep elf annihilator is heavily wounded.
Your shadow hits the deep elf annihilator with a dagger.
The flayed ghost cries, "Feel what I felt!"
Terrible wounds open up all over your body!
* * * LOW HITPOINT WARNING * * *
The deep elf annihilator casts a spell at you.
The poison arrow hits you!
You are poisoned.
You partially resist.
You die...

###############
§†§§§...'..#§§+
##§.§§§##..§§§#
##§§§#######§#
###+# ##)§#
#.##$$$#..##
#§§###$#..≈###
##§#A#$#..ye@#
§###$#..Zy##
##..$#.y≈##
+###..y# P≈.W##
#M≈..# ###..#
+. ##


You could see a deep elf annihilator, a mummy priest, a flayed ghost (summoned),
an oklob plant, 4 hornets and a bat skeleton (summoned).

Vanquished Creatures
  A hydra (D)
  2 centaur warriors (D)
  Sonja (D)
  A deep troll (D)
  A lindwurm (D)
  An oklob plant (D)
  2 merfolk sirens (D)
  2 unseen horrors (D)
  2 kobold demonologists (D)
  A hellwing (D)
  A hornet (D)
  A slime creature (D)
  Sigmund (D)
  2 redbacks (D)
  13 hogs (D)
  A yak (D)
  4 floating eyes (D)
  7 necrophages (D)
  An ogre (D)
  8 jellies (D)
  Ijyb (D)
  A ballistomycete spore (D)
55 creatures vanquished.

Vanquished Creatures (others)
  A ballistomycete spore (D)
1 creature vanquished.

Grand Total: 56 creatures vanquished

Notes
Turn   | Place    | Note
-------+----------+-------------------------------------------
     0 | D        | Hipnos the Spriggan Enchanter began the quest for the Orb.
     0 | D        | Reached XP level 1. HP: 9/9 MP: 5/5
     1 | D        | Noticed Ijyb
    18 | D        | Killed Ijyb
    19 | D        | Reached skill level 1 in Long Blades
    19 | D        | Reached skill level 7 in Stealth
    19 | D        | Reached skill level 5 in Hexes
    19 | D        | Reached XP level 2. HP: 5/13 MP: 7/7
   252 | D        | Learned a level 2 spell: Ensorcelled Hibernation
   254 | D        | Noticed an ogre
   257 | D        | Killed an ogre
   258 | D        | Reached skill level 10 in Stealth
   258 | D        | Reached XP level 3. HP: 17/17 MP: 7/9
   258 | D        | Reached XP level 4. HP: 21/21 MP: 8/11
   287 | D        | Noticed Sigmund
   290 | D        | Killed Sigmund
   291 | D        | Reached skill level 1 in Fighting
   291 | D        | Reached skill level 5 in Dodging
   291 | D        | Reached skill level 12 in Stealth
   291 | D        | Reached skill level 5 in Spellcasting
   291 | D        | Reached XP level 5. HP: 25/25 MP: 11/13
   313 | D        | Found an ornate altar of the Wu Jian Council.
   313 | D        | Found a shimmering blue altar of Sif Muna.
   315 | D        | Found a radiant altar of Vehumet.
   321 | D        | Reached XP level 6. HP: 30/30 MP: 14/14
   331 | D        | Found Ubluhyuh's Assorted Antiques.
   331 | D        | Found an ancient bone altar of Kikubaaqudgha.
   331 | D        | Found a hazy altar of Hepliaklqana.
   331 | D        | Found a stormy altar of Qazlal.
   331 | D        | Found a hide-covered altar of Uskayaw.
   331 | D        | Found a blossoming altar of Fedhas.
   331 | D        | Found a bloodstained altar of Trog.
   331 | D        | Found an iron altar of Okawaru.
   331 | D        | Found a basalt altar of Yredelemnul.
   331 | D        | Found a glowing golden altar of the Shining One.
   331 | D        | Found a snail-covered altar of Cheibriados.
   331 | D        | Found a sacrificial altar of Ru.
   331 | D        | Found a glowing silver altar of Zin.
   331 | D        | Found a shadowy altar of Dithmenos.
   331 | D        | Found a white marble altar of Elyvilon.
   331 | D        | Noticed a yak
   332 | D        | Found an opulent altar of Gozag.
   333 | D        | Killed a yak
   334 | D        | Reached skill level 14 in Stealth
   334 | D        | Found a sparkling altar of Nemelex Xobeh.
   340 | D        | Became a worshipper of Dithmenos the Shadowed
   380 | D        | Bought an embroidered hat for 196 gold pieces
   397 | D        | Found a burning altar of Makhleb.
   397 | D        | Found a viscous altar of Jiyva.
   397 | D        | Found a shimmering altar of Xom.
   397 | D        | Found a corrupted altar of Lugonu.
   397 | D        | Noticed a slime creature
   400 | D        | Killed a slime creature
   401 | D        | Reached skill level 15 in Stealth
   401 | D        | Reached XP level 7. HP: 33/33 MP: 15/17
   412 | D        | Noticed a kobold demonologist
   413 | D        | Noticed a kobold demonologist
   424 | D        | Killed a kobold demonologist
   424 | D        | Reached * piety under Dithmenos
   425 | D        | Reached skill level 5 in Short Blades
   425 | D        | Reached skill level 16 in Stealth
   428 | D        | Noticed a smoke demon
   454 | D        | Noticed Sonja
   458 | D        | Killed Sonja
   459 | D        | Reached skill level 18 in Stealth
   459 | D        | Reached skill level 10 in Hexes
   459 | D        | Reached skill level 1 in Ice Magic
   459 | D        | Reached XP level 8. HP: 16/39 MP: 7/19
   460 | D        | Noticed a deep troll
   464 | D        | Killed a deep troll
   465 | D        | Reached skill level 19 in Stealth
   465 | D        | Reached XP level 9. HP: 18/42 MP: 8/21
   472 | D        | Found Kuob's Armour Emporium.
   800 | D        | Killed a kobold demonologist
   800 | D        | Reached ** piety under Dithmenos
   801 | D        | Reached skill level 10 in Dodging
   827 | D        | Noticed a demonic crawler
   827 | D        | Noticed a demonic crawler
   827 | D        | Noticed a demonic crawler
   827 | D        | Noticed a demonic crawler
   854 | D        | Found Duuddigh's Antique Armour Boutique.
   862 | D        | Bought a runed cloak for 135 gold pieces
   885 | D        | Noticed a centaur warrior
   893 | D        | Learned a level 3 spell: Swiftness
   900 | D        | Learned a level 6 spell: Invisibility
   903 | D        | Learned a level 2 spell: Passwall
   907 | D        | Learned a level 3 spell: Confusing Touch
   909 | D        | Noticed a centaur warrior
   923 | D        | Killed a centaur warrior
   924 | D        | Reached skill level 20 in Stealth
   930 | D        | Killed a centaur warrior
   931 | D        | Reached skill level 21 in Stealth
   933 | D        | Reached *** piety under Dithmenos
  1178 | D        | Noticed an oklob plant
  1192 | D        | Killed an oklob plant
  1193 | D        | Reached XP level 10. HP: 47/47 MP: 19/23
  1202 | D        | Reached skill level 22 in Stealth
  1213 | D        | Reached **** piety under Dithmenos
  1262 | D        | Reached ***** piety under Dithmenos
  1507 | D        | Reached ****** piety under Dithmenos
  1637 | D        | Found Jimpu's Antique Armour Shoppe.
  1637 | D        | Found Noapode's Weapon Shop.
  1637 | D        | Found Loser's Armour Boutique.
  1639 | D        | Found Coeh's Magic Scroll Emporium.
  1639 | D        | Found Plog's General Store.
  1639 | D        | Found Toogokku's Book Shoppe.
  1639 | D        | Found Lerathit's Antique Armour Boutique.
  1639 | D        | Found Bihi's General Store.
  1639 | D        | Found Unles's Magic Scroll Shop.
  1639 | D        | Found Lempeise's Armour Shoppe.
  1643 | D        | Found Hyakalosch's Antique Weapon Boutique.
  1644 | D        | Found Riaqedeet's Armour Emporium.
  1644 | D        | Found Yfuxaipet's Antique Weapon Boutique.
  1647 | D        | Found Eke Cofa's Book Emporium.
  1707 | D        | Bought the +7 swamp dragon scales of Henotheism {rPois MP+9
                  | Dex+5} for 1146 gold pieces
  2018 | D        | Noticed a shining eye
  2018 | D        | Noticed a shining eye
  2018 | D        | Noticed a shining eye
  2019 | D        | Noticed a shining eye
  2019 | D        | Noticed a shining eye
  2019 | D        | Noticed a shining eye
  2033 | D        | Reached skill level 23 in Stealth
  2034 | D        | Gained mutation: You are frail. (-10% HP) [a shining eye]
  2036 | D        | Gained mutation: You are somewhat resistant to further
                  | mutation. [a shining eye]
  2039 | D        | Gained mutation: You are dopey. (Int -2) [a shining eye]
  2090 | D        | Gained mutation: You are very frail. (-20% HP) [mutagenic
                  | glow]
  2619 | D        | Noticed a lindwurm
  2623 | D        | Killed a lindwurm
  2635 | D        | Reached skill level 1 in Armour
  2650 | D        | Reached skill level 10 in Spellcasting
  2685 | D        | Reached skill level 10 in Short Blades
  2685 | D        | Reached XP level 11. HP: 18/41 MP: 11/26
  2871 | D        | Noticed a daeva
  2880 | D        | Noticed a 12-headed hydra
  2882 | D        | Killed a 12-headed hydra
  3054 | D        | Noticed a deep elf annihilator
  3071 | D        | Reached skill level 24 in Stealth
  3082 | D        | Noticed an oklob plant
  3082 | D        | Noticed a mummy priest
  3088 | D        | Noticed a flayed ghost
  3092 | D        | Killed from afar by a deep elf annihilator

Illustrated notes

Levels and vault maps discovered:
D:        dungeon_sprint_1 [red_sonja_temple_1, red_sonja_temple_small_1]

Skill      XL: |  1  2  3  4  5  6  7  8  9 10 11 |
---------------+----------------------------------+-----
Long Blades    | 1 2 3 4 |  4.0
Dodging        | 3 4 5 7 9 11 12 13 | 13.2
Stealth        | 7 10 12 15 18 19 21 23 24 | 24.2
Spellcasting   | 3 4 5 6 7 8 10 | 10.7
Hexes          | 5 6 7 8 9 10 11 12 13 | 13.4
Fighting       | 1 2 3 4 |  4.2
Short Blades   | 2 4 6 8 10 | 10.4
Ice Magic      | 1 3 4 |  4.5
Armour         | 1 |  1.8
Transmutations | |  0.6
Earth Magic    | |  0.3

Action                   |  1- 3 |  4- 6 |  7- 9 | 10-12 || total
-------------------------+-------+-------+-------+-------++-------
Melee: Dagger            |    15 |     4 |    38 |   160 ||   217
 Cast: Ensorcelled Hiber |       |       |    17 |    26 ||    43
       Confusing Touch   |       |       |     1 |    17 ||    18
       Invisibility      |       |       |       |     2 ||     2
       Passwall          |       |       |       |     2 ||     2
Invok: Shadow Step       |       |       |       |     1 ||     1
  Use: Potion            |     1 |       |     1 |     2 ||     4
 Stab: Sleeping          |     2 |     4 |     9 |    26 ||    41
       Confused          |       |       |     2 |    11 ||    13
Armor: Robe              |       |       |     7 |       ||     7
       Swamp dragon scal |       |       |       |    20 ||    20
Dodge: Dodged            |     8 |       |    34 |   113 ||   155
